Map: Ice and Chrome LE

Players

Vindicta

  • Race: Terran Terran
  • League: Master
  • Spawn Location: 1:00

JonSnow - Winner!

  • Race: Zerg Zerg
  • League: Master
  • Spawn Location: 7:00

Event: DreamHack SC2 Masters 2020 Summer North America

VOD

Have the link to the VOD?

Description

Time

  • Played on: July 5, 2020, 4:21 p.m.
  • Length: 26:37

All games in this series

Show
View Real Time Build Order
Export as new Build Order

Vindicta Terran 

Build Orders: Reaper Expand 

Get SALT Encoding   

  12  0:01  SCV  
  13  0:13  SCV  
  14  0:17  Supply Depot  
  14  0:25  SCV  
  15  0:38  SCV  
  15  0:40  Barracks  
  16  0:43  Refinery  
  16  0:50  SCV  
  17  1:03  SCV  
  18  1:15  SCV  
  19  1:27  Orbital Command  
  19  1:28  Reaper  
  20  1:40  Command Center  
  20  1:51  Supply Depot  
  20  1:52  SCV  
  21  1:59  Marine  
  22  2:04  SCV  
  23  2:12  Factory  
  23  2:16  SCV  
  23  2:20  Barracks Reactor  
  24  2:28  SCV  
  25  2:39  Command Center  
  25  2:41  SCV  
  26  2:53  SCV, Orbital Command  
  24  3:07  Barracks Tech Lab  
  24  3:08  Hellion x2  
  24  3:12  SCV  
  30  3:24  SCV  
  30  3:26  Stimpack  
  30  3:29  SCV, Hellion  
  30  3:30  Hellion  
  35  3:36  SCV  
  35  3:40  Marine, Barracks  
  37  3:41  SCV  
  39  3:48  SCV  
  39  3:52  Orbital Command  
  39  3:53  SCV  
  40  3:59  Barracks  
  40  4:01  SCV  
  41  4:05  Factory Tech Lab  
  41  4:06  SCV  
  42  4:13  SCV  
  38  4:18  SCV x2  
  38  4:20  Refinery  
  40  4:25  SCV, Siege Tank  
  40  4:28  Marine  
  40  4:30  SCV x2  
  47  4:37  SCV, Marine x2  
  50  4:42  SCV x2, Starport  
  52  4:46  Marine  
  52  4:48  Supply Depot x2  
  52  4:49  SCV  
  54  4:53  Refinery  
  54  4:54  SCV x2, Barracks Reactor, Marine  
  54  4:55  Refinery  
  54  4:58  Marine  
  58  5:01  SCV  
  58  5:05  Engineering Bay  
  58  5:06  SCV x2  
  61  5:08  Engineering Bay  
  61  5:09  Marine  
  61  5:13  SCV  
  63  5:14  Combat Shield  
  63  5:17  Supply Depot  
  63  5:18  SCV, Marine x2  
  66  5:25  Siege Tank  
  66  5:28  Marine  
  67  5:35  Marine  
  67  5:36  Marine x3  
  67  5:39  Medivac  
  68  5:43  SCV  
  68  5:45  Supply Depot  
  69  5:50  Marine  
  69  5:53  Marine  
  69  5:54  Marine x3  
  65  6:01  SCV  
  61  6:05  Terran Infantry Weapons Level 1  
  61  6:08  Terran Infantry Armor Level 1  
  61  6:09  SCV  
  62  6:13  SCV  
  62  6:14  SCV, Starport Reactor  
  64  6:18  Marine  
  64  6:20  Marine  
  64  6:21  SCV  
  64  6:25  SCV  
  67  6:26  Marine x2  
  67  6:29  SCV  
  70  6:36  SCV  
  70  6:37  Supply Depot, Marine  
  70  6:39  Supply Depot  
  72  6:40  Siege Tank  
  72  6:42  Marine  
  72  6:43  SCV  
  77  6:59  SCV x2, Medivac x2, Marine  
  84  7:01  Marine x2  
  84  7:03  SCV  
  84  7:04  Marine x2  
  86  7:11  SCV  
  86  7:13  Orbital Command  
  86  7:16  Marine, Barracks  
  86  7:17  SCV, Barracks  
  88  7:23  SCV  
  88  7:24  Marine  
  88  7:27  Supply Depot  
  88  7:28  Supply Depot  
  88  7:29  SCV  
  91  7:30  Medivac  
  93  7:37  SCV, Medivac, Marine  
  93  7:40  SCV  
  93  7:41  SCV  
  93  7:42  Marine  
  100  7:49  SCV, Marine x2  
  103  7:52  SCV, Supply Depot  
  103  7:53  SCV  
  105  8:00  Medivac  
  105  8:01  SCV  
  105  8:02  Marauder  
  105  8:04  SCV  
  111  8:05  Concussive Shells, SCV  
  111  8:07  Armory  
  111  8:08  Barracks Tech Lab  
  111  8:09  Barracks Reactor  
  112  8:13  SCV, Siege Tank  
  112  8:19  Marine  
  118  8:21  Medivac  
  118  8:22  Refinery  
  118  8:25  Marine x3  
  122  8:29  Supply Depot  
  122  8:33  Marine  
  114  8:37  Marine  
  114  8:41  Command Center  
  114  8:45  Marine  
  114  8:47  Marine x2  
  114  8:48  Marine x2  
  107  8:51  Marauder  
  107  8:53  SCV  
  107  8:54  Terran Infantry Weapons Level 2  
  109  8:57  Terran Infantry Armor Level 2  
  109  9:01  Marine  
  93  9:03  Marine  
  93  9:05  Marine  
  93  9:06  Marine x2  
  93  9:08  Siege Tank  
  99  9:13  SCV  
  99  9:14  Marine  
  99  9:15  Sensor Tower  
  101  9:20  Marauder, Marine  
  101  9:21  Marine  
  101  9:23  SCV x2  
  107  9:24  Marine  
  107  9:25  SCV  
  109  9:35  Marauder, Orbital Command, Marine x2  
  109  9:36  Orbital Command, Marine  
  109  9:37  Orbital Command  
  113  9:40  Terran Vehicle Weapons Level 1  
  113  9:41  Siege Tank  
  113  9:42  SCV, Marauder  
  113  9:45  Refinery, Marine  
  120  9:51  Marine  
  121  9:57  Marauder  
  123  10:01  Marine  
  123  10:05  SCV  
  125  10:07  Marine  
  125  10:10  Marine  
  125  10:12  Marine  
  125  10:13  Marauder, Marine  
  125  10:18  Marine  
  125  10:19  Marine  
  129  10:22  SCV  
  129  10:23  SCV x2  
  130  10:29  Sensor Tower  
  130  10:31  Liberator x2  
  130  10:32  Marine  
  130  10:33  Planetary Fortress  
  130  10:35  SCV  
  134  10:39  SCV x2  
  134  10:42  Siege Tank  
  139  10:45  Marine  
  139  10:48  Marine  
  129  10:52  Marine  
  129  10:53  Missile Turret  
  129  10:54  Missile Turret  
  129  10:55  Missile Turret  
  129  10:57  Missile Turret, Marine  
  127  10:59  SCV, Marauder  
  127  11:01  Marine x3  
  127  11:03  Marine  
  136  11:06  Marine  
  136  11:10  Marine  
  137  11:12  Terran Infantry Weapons Level 3  
  137  11:14  Factory  
  137  11:15  Marine  
  137  11:16  Siege Tank  
  141  11:18  Marine  
  141  11:19  Marine  
  141  11:20  Marauder  
  141  11:22  Marine  
  146  11:27  Supply Depot  
  146  11:28  Supply Depot  
  146  11:29  Liberator x2  
  146  11:32  Supply Depot  
  152  11:36  Marine  
  152  11:39  Marine x2  
  154  11:42  Terran Vehicle Weapons Level 2, Terran Infantry Armor Level 3  
  154  11:43  Marine  
  154  11:44  Marine  
  156  11:48  Marine  
  156  11:51  Marine x2  
  156  11:52  Supply Depot  
  156  11:53  Siege Tank  
  162  11:54  Marine  
  162  11:59  Marine  
  162  12:00  Marine  
  165  12:04  Marine  
  160  12:08  Marine  
  160  12:10  Marauder  
  160  12:12  Marine  
  166  12:17  Barracks  
  166  12:18  Missile Turret, Factory Tech Lab  
  166  12:19  Barracks  
  166  12:20  Medivac x2  
  166  12:21  Missile Turret, Marine x2  
  166  12:22  Bunker, Marauder  
  170  12:23  Bunker  
  170  12:24  Marine  
  170  12:25  Siege Tank  
  170  12:26  Marine  
  175  12:30  Marine  
  175  12:31  Marauder  
  175  12:35  Missile Turret  
  175  12:37  Marine  
  178  12:39  Marine, Siege Tank  
  174  12:45  Missile Turret  
  174  12:50  Marine  
  177  12:52  Marine  
  177  12:55  Marine  
  177  12:58  Siege Tank  
  176  13:07  Marine x3  
  176  13:08  Barracks Tech Lab  
  176  13:11  Siege Tank  
  173  13:13  Medivac x2  
  173  13:18  Command Center  
  173  13:19  Marauder, Marine x2  
  178  13:20  Marauder  
  178  13:21  Marine  
  178  13:22  Barracks Tech Lab  
  178  13:25  Marine x3  
  176  13:27  Supply Depot, Marine  
  176  13:28  Supply Depot  
  176  13:31  Missile Turret, Siege Tank  
  176  13:32  Missile Turret  
  176  13:33  Missile Turret  
  180  13:34  Missile Turret  
  180  13:36  Marine  
  180  13:37  Marine  
  180  13:38  Marine  
  180  13:41  Marauder  
  185  13:48  Marauder, Marine x3  
  188  13:49  Marauder x2  
  194  13:56  Siege Tank  
  194  13:57  Marine  
  194  13:58  Marine x2  
  200  14:04  Marine  
  196  14:18  Marine  
  198  14:26  Refinery, Neosteel Armor  
  198  14:27  Refinery, Hi-Sec Auto Tracking  
  199  14:31  Missile Turret x2  
  199  14:32  Missile Turret x2  
  199  14:33  Liberator  
  199  14:34  Terran Vehicle Weapons Level 3  
  198  14:48  Siege Tank  
  198  14:49  Medivac  
  197  14:53  Marine  
  197  14:57  Starport  
  197  14:58  Missile Turret, Marine x2  
  198  15:02  Marine  
  197  15:16  Medivac  
  197  15:19  Medivac  
  200  15:23  Marine  
  200  15:35  Siege Tank  
  200  15:38  Marauder x2, Marine x2  
  200  15:40  SCV x2  
  200  15:42  SCV x2, Marine  
  192  15:46  Medivac  
  192  15:48  Marine  
  192  15:49  Medivac  
  200  15:58  Planetary Fortress  
  200  16:08  Missile Turret  
  200  16:09  SCV x2  
  200  16:10  SCV, Missile Turret  
  200  16:11  Missile Turret  
  200  16:17  Medivac  
  199  16:18  Marine  
  200  16:25  Starport Reactor  
  200  16:36  Thor  
  200  16:40  Missile Turret  
  200  16:41  Missile Turret  
  200  16:44  Marine  
  199  16:58  SCV  
  196  17:01  SCV  
  196  17:03  Marine  
  196  17:06  Command Center  
  197  17:10  Viking x2  
  197  17:11  Viking  
  197  17:12  Viking  
  195  17:20  Marine  
  184  17:29  Marine  
  149  17:31  Marine x2  
  149  17:32  Marauder, Marine x4  
  149  17:33  Marauder  
  155  17:38  SCV, Marine, Thor  
  155  17:40  Viking x2, Ghost Academy  
  155  17:41  Viking  
  155  17:42  Viking  
  168  17:47  Marine  
  168  17:49  Marine x4  
  168  17:50  Marauder, Marine  
  157  17:53  Marine x2  
  157  17:56  Marine  
  148  18:06  Marine  
  148  18:07  Marine  
  148  18:08  Marauder, Marine  
  148  18:10  Viking x2  
  148  18:11  Viking, Marauder  
  148  18:12  Viking, Ghost x2  
  155  18:24  SCV x2  
  155  18:29  Ghost  
  155  18:30  Marine x3  
  155  18:32  Ghost  
  153  18:36  Marine  
  153  18:40  Viking, Medivac, Ghost  
  162  18:41  Medivac  
  162  18:45  Marine x2  
  162  18:48  Marine, Liberator  
  169  18:57  Siege Tank  
  170  19:04  Marine x2  
  170  19:06  Marine  
  174  19:10  Planetary Fortress, Liberator x2  
  174  19:13  Liberator  
  176  19:17  SCV  
  176  19:21  SCV  
  176  19:25  SCV x2  
  171  19:32  Refinery  
  171  19:33  SCV  
  171  19:34  Refinery  
  171  19:36  Marauder  
  171  19:37  SCV  
  167  19:45  Orbital Command  
  165  19:55  Marine  
  167  20:01  Liberator  
  167  20:02  Liberator x2  
  167  20:03  Liberator  
  167  20:06  Terran Ship Weapons Level 1  
  171  20:08  SCV x2  
  171  20:10  SCV x2  
  174  20:18  Siege Tank  
  172  20:24  Refinery  
  172  20:27  Ghost  
  174  20:29  Refinery  
  174  20:32  SCV  
  174  20:33  SCV  
  174  20:35  SCV, Sensor Tower  
  177  20:44  Medivac  
  177  20:46  Liberator  
  177  20:47  Ghost  
  185  20:50  SCV x2  
  185  20:51  SCV x3  
  189  21:02  SCV x2, Marauder x2, Marine x2  
  189  21:03  Ghost  
  189  21:04  Sensor Tower  
  187  21:05  Marine  
  179  21:15  SCV  
  179  21:16  Fusion Core  
  180  21:18  SCV  
  180  21:20  Missile Turret  
  180  21:21  Missile Turret  
  180  21:23  Missile Turret  
  180  21:25  Ghost  
  181  21:28  Ghost  
  181  21:38  Ghost  
  181  21:39  Marine x2  
  165  21:41  Ghost, Marine x2  
  165  21:42  SCV  
  165  21:46  Marine x2  
  172  21:49  Ghost Academy  
  172  21:54  Marine  
  172  21:56  Marine  
  172  21:57  Marine  
  177  22:06  Missile Turret, Marine  
  177  22:07  Missile Turret  
  180  22:10  Terran Ship Weapons Level 2  
  180  22:12  Personal Cloaking  
  178  22:18  Ghost  
  178  22:19  Nuke  
  168  22:37  Ghost  
  168  22:42  Marine x2  
  168  22:44  Marine x4  
  170  22:47  Siege Tank  
  170  22:48  Missile Turret x2  
  170  22:49  Bunker, Siege Tank  
  170  22:50  Bunker  
  178  22:51  Orbital Command  
  178  22:55  SCV  
  176  23:08  SCV  
  176  23:09  Missile Turret  
  176  23:10  SCV x2  
  179  23:17  Nuke  
  179  23:19  Siege Tank  
  182  23:22  Ghost  
  182  23:31  Marauder, Marine  
  179  23:41  Marauder, Marine  
  179  23:44  Medivac x2  
  179  23:48  Nuke  
  183  23:53  Ghost  
  185  24:00  Siege Tank  
  185  24:02  Liberator  
  188  24:08  Marine  
  187  24:18  Medivac  
  187  24:20  Ghost  
  187  24:22  Medivac  
  187  24:23  Marauder, Marine  
  195  24:25  Nuke  
  195  24:34  Marine x3  
  195  24:36  Command Center  
  195  24:44  SCV x2  
  157  24:47  Marauder, Marine x3  
  157  24:48  Marauder x2, Marine  
  164  24:54  Marine  
  164  24:55  Marine  
  164  24:56  SCV x2  
  165  25:02  Viking  
  165  25:06  SCV  
  170  25:07  Marauder  
  153  25:17  Viking  
  153  25:20  Viking x2  
  134  25:24  SCV x2  
  134  25:29  SCV, Marine  
  134  25:30  Marine x2  
  134  25:32  Viking  
  138  25:36  SCV  
  138  25:37  Marine  
  138  25:39  Marine x2  
  138  25:40  Marine  
  137  25:43  Marine  
  136  25:51  Viking  
  136  25:53  SCV x2  
  136  25:54  Marine  
  136  25:56  Marine x2  
  136  25:58  Marine  
  136  26:00  Marine  
  136  26:02  Marine x2  
  137  26:04  Viking  
  137  26:05  Marine  
  137  26:08  SCV x3  
  142  26:12  Marine  
  142  26:15  Marine  
  130  26:19  Marine x2  
  130  26:20  SCV  
Show
View Real Time Build Order
Export as new Build Order

JonSnow Zerg - Winner!

Build Orders: Hatch First, Muta Ling Bane 

Get SALT Encoding   

  12  0:00  Drone  
  13  0:13  Overlord  
  13  0:16  Drone  
  14  0:32  Drone x2  
  16  0:48  Hatchery  
  15  0:52  Drone  
  15  0:55  Drone  
  17  0:58  Drone  
  18  1:05  Extractor  
  17  1:14  Spawning Pool  
  16  1:19  Drone  
  16  1:21  Drone  
  18  1:29  Drone  
  19  1:39  Drone  
  20  1:50  Overlord  
  20  2:01  Queen x2  
  20  2:02  Zergling x4  
  26  2:11  Zergling x2  
  26  2:13  Drone  
  28  2:27  Hatchery  
  28  2:28  Drone  
  28  2:36  Metabolic Boost  
  29  2:37  Drone  
  29  2:39  Drone  
  30  2:46  Queen  
  30  2:50  Drone  
  33  2:55  Drone x2  
  33  2:57  Drone  
  35  3:13  Overlord  
  35  3:14  Overlord  
  35  3:19  Drone  
  35  3:22  Drone  
  36  3:29  Overlord  
  36  3:31  Queen, Drone x3  
  41  3:38  Zergling x4  
  43  3:42  Drone  
  43  3:46  Roach Warren  
  43  3:47  Extractor  
  43  3:48  Drone x2  
  44  3:51  Drone  
  45  3:56  Queen  
  45  3:58  Drone x2  
  45  3:59  Drone x2  
  45  4:01  Zergling x2  
  52  4:06  Overlord  
  50  4:11  Overlord  
  50  4:15  Drone x2  
  49  4:18  Overlord  
  49  4:29  Roach x3  
  49  4:30  Roach  
  57  4:31  Roach  
  57  4:36  Roach  
  57  4:37  Roach  
  61  4:40  Roach  
  61  4:42  Roach  
  65  4:53  Zergling x12  
  71  5:07  Ravager x2  
  71  5:11  Zergling x10  
  71  5:12  Zergling x8  
  82  5:14  Drone x2  
  82  5:16  Ravager  
  84  5:24  Drone x5  
  84  5:27  Ravager  
  89  5:30  Drone x2  
  86  5:41  Ravager, Drone x5  
  89  5:47  Drone  
  75  5:58  Drone x7  
  75  6:00  Drone x3  
  75  6:03  Lair  
  70  6:04  Drone  
  70  6:06  Evolution Chamber, Drone  
  70  6:07  Evolution Chamber, Extractor  
  70  6:10  Roach x2  
  73  6:13  Roach  
  73  6:15  Drone  
  73  6:16  Drone  
  77  6:20  Zergling x2, Extractor  
  77  6:21  Extractor  
  77  6:23  Extractor  
  77  6:24  Roach  
  77  6:25  Baneling Nest  
  77  6:28  Overlord  
  77  6:32  Drone  
  77  6:34  Drone x3  
  77  6:35  Drone x2  
  77  6:37  Drone x3  
  77  6:38  Drone  
  86  6:43  Zergling x4  
  88  6:47  Zerg Melee Weapons Level 1  
  88  6:50  Zergling x2  
  88  6:51  Zergling x2  
  88  6:52  Ravager  
  88  6:53  Ravager  
  92  6:56  Queen  
  92  7:00  Zergling x6  
  92  7:13  Hatchery, Zerg Ground Armor Level 1  
  91  7:16  Overlord x2  
  91  7:17  Centrifical Hooks  
  91  7:25  Hatchery  
  91  7:29  Drone x2  
  92  7:41  Spire  
  91  7:46  Overlord  
  91  7:49  Drone  
  91  7:51  Drone x2  
  94  7:53  Zergling x18  
  103  8:01  Zergling x6  
  103  8:02  Ravager x2  
  103  8:03  Baneling x6  
  103  8:05  Zergling x2  
  108  8:10  Zergling x6  
  111  8:19  Zergling x4  
  113  8:21  Extractor  
  113  8:25  Extractor  
  113  8:26  Baneling x5  
  112  8:32  Zergling x8  
  101  8:35  Zergling x2  
  101  8:38  Baneling x2  
  100  8:43  Zergling x12  
  100  8:46  Hatchery  
  101  8:50  Zergling x6  
  102  8:58  Zergling x4  
  102  8:59  Zergling x2  
  102  9:09  Overlord, Zerg Ground Armor Level 2, Zerg Melee Weapons Level 2  
  102  9:14  Zergling x16  
  110  9:23  Zergling x2  
  111  9:24  Overlord  
  111  9:26  Hatchery  
  111  9:27  Baneling  
  111  9:28  Zergling x2, Baneling x9  
  111  9:31  Mutalisk  
  111  9:44  Drone x6  
  111  9:45  Drone x2  
  119  9:50  Mutalisk x4  
  127  9:55  Drone  
  127  9:58  Drone x2  
  130  10:01  Mutalisk x3  
  130  10:06  Zergling x2  
  135  10:12  Zergling x10  
  140  10:15  Hatchery  
  140  10:17  Mutalisk x2  
  144  10:24  Overlord x2  
  144  10:25  Extractor  
  144  10:26  Extractor  
  144  10:27  Zerg Flyer Weapons Level 1  
  142  10:29  Infestation Pit  
  142  10:30  Overlord  
  140  10:36  Overlord x2  
  140  10:42  Mutalisk x3  
  145  10:53  Drone x4  
  145  10:55  Drone x3  
  145  10:56  Drone x3  
  155  11:03  Mutalisk x3  
  161  11:10  Zergling x8  
  161  11:11  Zergling x8  
  168  11:13  Hive  
  168  11:21  Zergling x8  
  168  11:22  Overseer  
  168  11:23  Pneumatized Carapace  
  168  11:24  Baneling x2  
  168  11:25  Baneling x6  
  172  11:28  Zergling x2  
  172  11:29  Zergling x4  
  174  11:35  Mutalisk  
  174  11:36  Mutalisk  
  178  11:42  Drone x3  
  178  11:43  Drone x8  
  187  12:02  Drone x2  
  189  12:10  Hatchery  
  189  12:15  Extractor  
  182  12:17  Overlord  
  182  12:18  Hatchery  
  182  12:22  Overlord  
  181  12:27  Spine Crawler  
  181  12:28  Zerg Melee Weapons Level 3  
  180  12:32  Ultralisk Cavern  
  180  12:34  Burrow  
  180  12:36  Zerg Flyer Weapons Level 2  
  179  12:39  Queen  
  179  13:09  Zergling x20  
  188  13:19  Chitinous Plating  
  188  13:20  Zerg Ground Armor Level 3  
  188  13:24  Pathogen Glands, Spire  
  187  13:36  Overseer  
  186  13:44  Spore Crawler, Baneling  
  186  13:45  Spine Crawler, Baneling x6  
  186  13:47  Baneling x10  
  184  13:48  Zergling x6  
  184  13:49  Zergling x16  
  185  13:57  Ultralisk  
  185  13:58  Ultralisk  
  194  14:32  Ultralisk x2, Queen  
  194  14:38  Anabolic Synthesis  
  195  14:40  Baneling x9  
  192  14:50  Ultralisk x2  
  195  14:54  Baneling x3  
  195  14:55  Zergling x10  
  195  14:57  Baneling x38  
  195  14:59  Greater Spire, Zerg Flyer Weapons Level 3  
  197  15:21  Zergling x4  
  197  15:22  Zergling x2  
  157  15:46  Ultralisk x4  
  157  15:49  Zergling x20  
  181  15:55  Corruptor x9  
  199  16:17  Zergling x2  
  200  16:21  Baneling x15  
  196  16:36  Brood Lord  
  189  16:49  Brood Lord x6  
  189  16:53  Zergling x6  
  197  17:00  Brood Lord  
  194  17:06  Corruptor  
  192  17:19  Zergling x10  
  196  17:23  Zergling x4  
  196  17:27  Corruptor x3, Baneling x2  
  195  17:34  Infestor x3  
  195  17:35  Infestor  
  191  17:45  Corruptor x3  
  191  17:46  Corruptor  
  191  17:51  Overlord  
  191  17:54  Extractor  
  191  17:56  Ultralisk Cavern  
  191  17:57  Corruptor x4  
  195  18:00  Zergling x2  
  195  18:01  Zergling x12  
  195  18:04  Overlord  
  189  18:09  Zergling x2  
  189  18:10  Zergling x20  
  200  18:13  Extractor  
  192  18:22  Zergling x8  
  192  18:23  Hatchery  
  194  18:29  Hatchery  
  194  18:30  Hatchery  
  192  18:39  Queen  
  190  18:46  Corruptor x4  
  200  18:52  Brood Lord  
  200  19:01  Baneling x10  
  188  19:34  Infestor x4  
  186  19:56  Drone x3  
  189  20:00  Overlord, Overseer  
  189  20:18  Zergling x34  
  189  20:20  Spine Crawler  
  189  20:21  Spore Crawler, Extractor  
  195  20:23  Zergling x2, Spine Crawler  
  193  20:32  Zerg Flyer Armor Level 1  
  193  20:36  Queen  
  195  20:45  Baneling x12  
  195  20:46  Baneling x7  
  195  20:51  Hatchery  
  191  21:13  Brood Lord x2  
  195  21:25  Zergling x2  
  195  21:26  Zergling x8  
  194  21:35  Corruptor x12  
  195  21:41  Viper  
  198  21:55  Zergling x2  
  198  21:56  Zergling x2  
  198  21:59  Spore Crawler x2  
  198  22:00  Spore Crawler x3  
  198  22:01  Spore Crawler x4  
  194  22:03  Spore Crawler x2  
  194  22:04  Spore Crawler  
  194  22:08  Drone x12  
  196  22:10  Extractor  
  196  22:11  Extractor  
  198  22:17  Zergling x4, Spore Crawler  
  193  22:27  Extractor  
  163  22:31  Extractor  
  163  22:33  Corruptor x4  
  168  22:39  Zergling x36  
  168  22:44  Drone x2  
  186  22:46  Drone  
  186  22:47  Drone x4  
  186  22:49  Baneling  
  186  22:50  Baneling x4  
  189  22:58  Spore Crawler, Drone x7  
  195  23:07  Baneling x16  
  195  23:12  Corruptor  
  197  23:25  Spore Crawler  
  196  23:35  Infestor  
  195  23:50  Baneling  
  195  23:51  Baneling x4  
  195  23:52  Corruptor x2  
  197  24:29  Corruptor x4  
  168  24:49  Brood Lord x2  
  168  24:51  Infestor x4  
  178  24:53  Corruptor x5  
  178  24:55  Zergling x24  
  198  25:20  Zergling x4  
  198  25:21  Zergling x20  
  198  25:28  Baneling  
  198  25:31  Overseer  
  198  25:39  Zergling x4  
  193  25:59  Baneling  
  193  26:00  Baneling x11  
  186  26:04  Drone  
  186  26:05  Overlord, Drone x3  
  193  26:16  Drone x11  
  199  26:20  Drone x3  
  199  26:22  Drone  
Tags
 
Add a new tag
Caveats
  • Supply blocks, unpowered buildings, or Contaminate may cause inaccurate times.
  • Supply counts are checked every 10 seconds.